 Dungeon Crawl Stone Soup version 0.30.0-29-ga12c61a403 (webtiles) character file.

Game seed: 7674118402272863803

4143 ChadusMaximus the Cleaver (level 10, -14/88 HPs)
             Began as a Minotaur Fighter on June 12, 2023.
             Was a Priest of Okawaru.
             Demolished by a vault guard
             ... wielding a +0 broad axe
              (20 damage)
             ... in a bailey.
             The game lasted 00:08:04 (8068 turns).

ChadusMaximus the Cleaver (Minotaur Fighter)        Turns: 8068, Time: 00:08:04

Health: -14/88     AC: 10    Str: 25    XL:     10   Next: 7%
Magic:  13/13      EV:  9    Int:  5    God:    Okawaru [***...]
Gold:   445        SH: 10    Dex: 10    Spells: 9/9 levels left

rFire   . . .        a - +0 war axe
rCold   . . .        s - +0 kite shield
rNeg    . . .        b - +0 scale mail
rPois   .            (helmet restricted)
rElec   .            k - scarf {harm}
rCorr   .            A - +0 pair of gloves
SInv    .            E - +0 pair of boots
Will    .....        (no amulet) Stlth
                     (no ring)
HPRegen 0.34/turn    (no ring)
MPRegen 0.13/turn

%: harm (+30% outgoing, +20% incoming)
@: flying
A: horns 2, retaliatory headbutt
a: Renounce Religion, Heroism


You were in a bailey.
You worshipped Okawaru.
Okawaru was most pleased with you.
You visited 2 branches of the dungeon, and saw 9 of its levels.
You also visited: Sewer and Bailey.

You collected 445 gold pieces.

Inventory:

Hand Weapons
 a - a +0 war axe (weapon)
Missiles
 n - 10 boomerangs (quivered)
Armour
 b - a +0 scale mail (worn)
 c - a +0 buckler
 k - a scarf of harm (worn)
 s - a +0 kite shield (worn)
 v - the +0 scale mail of Free Expression {rElec rN++ Regen+ Slay-5}
   (You found it on level 4 of the Dungeon)

   Slay:      It affects your accuracy & damage with ranged weapons and melee
   (-5).
   rElec:     It insulates you from electricity.
   rN:        It greatly protects you from negative energy.
   Regen:     It increases your rate of health regeneration.
 A - a +0 pair of gloves (worn)
 E - a +0 pair of boots (worn)
Jewellery
 j - a ring of magical power
 q - a +6 ring of intelligence
 C - a ring of ice
Wands
 r - a wand of roots (8)
 t - a wand of mindburst (15)
 B - a wand of paralysis (9)
Scrolls
 e - a scroll of identify
 g - 3 scrolls of vulnerability
 p - 6 scrolls of teleportation
 x - 2 scrolls of blinking
 y - a scroll of poison
 z - a scroll of fog {unknown}
 D - 3 scrolls of fear {unknown}
Potions
 d - 2 potions of might
 h - 3 potions of haste {unknown}
 i - 3 potions of attraction {unknown}
 l - 2 potions of curing
 m - 4 potions of brilliance {unknown}
 o - a potion of heal wounds {unknown}
 u - a potion of magic {unknown}
 w - 4 potions of flight
 F - a potion of lignification {unknown}


   Skills:
 + Level 8.1 Fighting
 * Level 10.4 Axes
 + Level 8.1 Armour
 + Level 7.9 Shields
 * Level 5.7 Invocations


You had 9 spell levels left.
You didn't know any spells.
Your spell library contained the following spells:

 Spells                   Type           Power      Damage    Failure   Level
 Sandblast                Erth           0%         2d4       91%         1
 Sting                    Tmut/Pois      0%         1d3       91%         1
 Passwall                 Tmut/Erth      0%         N/A       97%         2
 Poisonous Vapours        Pois/Air       0%         N/A       97%         2
 Gell's Gravitas          Tloc           0%         N/A       99%         3
 Stone Arrow              Conj/Erth      0%         3d7       99%         3
 Teleport Other           Tloc           0%         N/A       99%         3
 Volatile Blastmotes      Fire/Tloc      0%         2d10      99%         3
 Fulminant Prism          Conj/Hex       0%         3d5       100%        4
 Iskenderun's Mystic Bla  Conj/Tloc      0%         2d3       100%        4
 Olgreb's Toxic Radiance  Pois           0%         N/A       100%        4
 Lee's Rapid Deconstruct  Erth           0%         3d4*      100%        5
 Dispersal                Tloc           0%         N/A       100%        6


Dungeon Overview and Level Annotations

Branches:
Dungeon (8/15)             Temple (1/1) D:5           Sewer (visited)
 Bailey (1/1)
   Lair: D:8-11

Altars:
Ashenzari
Cheibriados
Dithmenos
Elyvilon
Fedhas
Gozag
Hepliaklqana
Kikubaaqudgha
Makhleb
Okawaru
Qazlal
Ru
Sif Muna
Trog
Uskayaw
Vehumet
Wu Jian
Xom
Yredelemnul
Zin
The Shining One

Shops:
D:3 :(**

Annotations:
D:7 2 transporters


Innate Abilities, Weirdness & Mutations

You have a pair of horns on your head.
You reflexively headbutt those who attack you in melee.


Message History

You slash Prince Ribbit!
Prince Ribbit hits you but does no damage.
The vault guard hits you with a +0 broad axe!
You hit the vault guard but do no damage.
The vault guard is moderately wounded.
You completely miss Prince Ribbit. You block Prince Ribbit's attack.
The vault guard hits you with a +0 broad axe!!
Prince Ribbit misses you.
You closely miss the vault guard. Your headbutt misses the vault guard.
The vault guard is moderately wounded.
You slash Prince Ribbit! You block Prince Ribbit's attack.
The vault guard hits you with a +0 broad axe.
You slash Prince Ribbit!
You kill Prince Ribbit!
Okawaru accepts your kill.
Okawaru will now gift you throwing weapons as you gain piety.
Prince Ribbit returns to his original shape as he dies.
You hit the vault guard but do no damage.
The vault guard hits you with a +0 broad axe.
You hit the vault guard.
The vault guard is moderately wounded.
The vault guard hits you with a +0 broad axe!
* * * LOW HITPOINT WARNING * * *
Unknown command.
You slash the vault guard!
You headbutt the vault guard, but do no damage.
The vault guard is heavily wounded.
You closely miss the vault guard.
The vault guard is heavily wounded.
The vault guard hits you with a +0 broad axe!
* * * LOW HITPOINT WARNING * * *
You feel like a meek peon again.
You see here the human corpse of Prince Ribbit.
The vault guard attacks as you move away!
You block the vault guard's attack.
The vault guard attacks as you move away!
You block the vault guard's attack.
The vault guard attacks as you move away!
The vault guard hits you with a +0 broad axe!
You die...

##~~#'#'#..)...##
#~~~~†#....#....#
#~~~~~#...####).#
#~~~~~#...#.....#
##~~~##...#.....#
##+####..###)###
+..#≈÷.~≈#
####≈..~≈#
##≈##≈@~≈##
#≈~≈≈~p~≈#
##≈~~~..~≈#
#≈~~~...~≈##
#≈~~~~...~≈#
#≈~~~...~~≈##
#≈~~~....~~≈###+
#≈~~~†.....~≈≈≈.
##≈~~~~........#


You could see a vault guard.

Vanquished Creatures
  Prince Ribbit (Bailey)
  Sigmund (D:6)
  A human (Bailey)
  Menkaure (D:6)
  A water moccasin (D:7)
  2 black bears
  5 ice beasts
  2 ogres
  3 centaurs
  2 phantoms
  15 bullfrogs
  A kobold brigand (D:8)
  A gnoll sergeant (D:5)
  4 scorpions
  5 wights (D:7)
  A howler monkey (D:4)
  2 orc priests (D:8)
  Jessica (D:2)
  3 iguanas
  2 sleepcaps
  A sickly merfolk siren (Sewer)
  An orc wizard (D:7)
  A malarious merfolk avatar (Sewer)
  10 adders
  8 gnolls
  4 river rats
  A white imp (D:7)
  2 worms
  3 dart slugs
  17 orcs
  18 ball pythons
  2 bats
  4 endoplasms
  6 giant cockroaches
  6 goblins
  7 hobgoblins
  6 jackals (D:2)
  5 quokkas
  A frilled lizard (D:2)
  9 kobolds
  24 rats
190 creatures vanquished.

Notes
Turn   | Place    | Note
-------+----------+-------------------------------------------
     0 | D:1      | ChadusMaximus the Minotaur Fighter began the quest for the
                  | Orb.
     0 | D:1      | Reached XP level 1. HP: 19/19 MP: 0/0
   165 | D:1      | Reached XP level 2. HP: 27/27 MP: 1/1
   387 | D:1      | Reached skill level 3 in Axes
   530 | D:1      | Found a faded altar of an unknown god.
   639 | D:2      | Noticed Jessica
   644 | D:2      | Killed Jessica
   645 | D:2      | Reached XP level 3. HP: 27/33 MP: 2/2
   791 | D:2      | Reached XP level 4. HP: 40/40 MP: 3/3
   918 | D:2      | Reached skill level 4 in Axes
  1336 | D:3      | Found Disoiw's General Store.
  1738 | D:3      | Found Koiminof's Book Emporium.
  1902 | D:3      | Found Efiwk's Antique Weapon Emporium.
  1904 | D:3      | Found Plog's General Store.
  2287 | D:4      | Reached XP level 5. HP: 43/47 MP: 4/4
  2308 | D:4      | Noticed a black bear
  2314 | D:4      | Killed a black bear
  2315 | D:4      | Reached skill level 5 in Axes
  2336 | D:4      | Reached XP level 6. HP: 25/55 MP: 5/5
  2364 | D:4      | Found a burning altar of Makhleb.
  2478 | D:4      | Identified the +0 scale mail of Free Expression {rElec rN++
                  | Regen+ Slay-5}
  2484 | D:4      | Found a glowing drain.
  2493 | Sewer    | Entered a sewer
  2532 | Sewer    | Reached skill level 5 in Fighting
  2532 | Sewer    | Reached skill level 5 in Armour
  2532 | Sewer    | Reached skill level 5 in Shields
  3256 | D:4      | Noticed an ice beast
  3262 | D:4      | Killed an ice beast
  3263 | D:4      | Reached skill level 6 in Axes
  3263 | D:4      | Reached XP level 7. HP: 34/61 MP: 6/6
  3754 | D:5      | Entered Level 5 of the Dungeon
  3843 | D:5      | Identified the +3 pair of boots of Brilliance {rElec rF++
                  | Dex+3 Stlth+}
  4066 | D:5      | Reached skill level 7 in Axes
  4271 | D:5      | Reached XP level 8. HP: 70/70 MP: 7/7
  4815 | D:5      | Found a staircase to the Ecumenical Temple.
  4828 | Temple   | Entered the Ecumenical Temple
  4832 | Temple   | Became a worshipper of Warmaster Okawaru
  5326 | D:6      | Reached skill level 1 in Invocations
  5462 | D:6      | Reached skill level 8 in Axes
  5483 | D:6      | Found a basalt altar of Yredelemnul.
  5647 | D:6      | Noticed Sigmund
  5656 | D:6      | Noticed Menkaure
  5661 | D:6      | Killed Sigmund
  5661 | D:6      | Reached * piety under Okawaru
  5664 | D:6      | Killed Menkaure
  6399 | D:7      | Reached XP level 9. HP: 56/79 MP: 10/10
  6566 | D:7      | Reached skill level 9 in Axes
  6673 | D:7      | Found a blossoming altar of Fedhas.
  6675 | D:7      | Found a white marble altar of Elyvilon.
  6690 | D:7      | Reached ** piety under Okawaru
  6858 | D:7      | Found a transporter.
  6870 | D:7      | Noticed a kobold demonologist
  6878 | D:7      | Noticed a kobold demonologist
  6951 | D:7      | Found a transporter.
  7622 | D:8      | Found a flagged portal.
  7643 | Bailey   | Entered a bailey
  7763 | Bailey   | Reached skill level 5 in Invocations
  7766 | Bailey   | Reached skill level 10 in Axes
  7786 | Bailey   | HP: 2/81 [human/+0 war axe (9)]
  7793 | Bailey   | Reached *** piety under Okawaru
  7794 | Bailey   | Reached XP level 10. HP: 11/88 MP: 11/13
  8035 | Bailey   | Noticed Prince Ribbit
  8035 | Bailey   | Noticed a vault guard
  8053 | Bailey   | Killed Prince Ribbit
  8056 | Bailey   | HP: 2/88 [vault guard/+0 broad axe (20)]
  8068 | Bailey   | Demolished by a vault guard

Illustrated notes

Levels and vault maps discovered:
D:1:      scummos_arrival_gate, layout_loops_ring,
          hellmonk_ecumenical_altar_blasted, feat_on_display
D:2:      layout_basic, minmay_misc_feat_secret_circle,
          minmay_misc_feat_nine_boxes, minmay_pentomino_o4, uniq_jessica
D:3:      layout_loops_corners, serial_shops, nicolae_shop_advertising_works
          [nicolae_subvault_shop_adworks], shop, shop, shop,
          kennysheep_minor_cross
D:4:      layout_cave_pods, mainiacjoe_overflow_24_doors, portal_sewer_entry_a
D:5:      layout_basic, minmay_temple_entry_fiery
D:6:      layout_layer_cave, old_standard_altar, uniq_menkaure, uniq_sigmund
D:7:      gammafunk_wand_slinger, layout_basic,
          mainiacjoe_overflow_catwalk_spiral, grunt_ministairs_12
D:8:      nicolae_cairo_tiling_very_big, layout_cave_pools, enter_bailey_5,
          corexii_hall_statues_i, uniq_psyche, uniq_amaemon, uniq_grum
Temple:   sentei_temple_godly_chess
Bailey:   bailey_axe_froggy_fort_hellmonk, bailey

Skill      XL: |  1  2  3  4  5  6  7  8  9 |
---------------+----------------------------+-----
Axes           | 3 4 5 6 7 8 10 | 10.4
Fighting       | 4 5 6 7 8 |  8.1
Armour         | 4 5 6 7 8 |  8.1
Shields        | 4 5 6 7 |  7.9
Invocations    | 3 5 |  5.7

Action                     |  1- 3 |  4- 6 |  7- 9 | 10-12 || total
---------------------------+-------+-------+-------+-------++-------
  Melee: War axe           |    46 |   182 |   211 |    12 ||   451
         Headbutt          |     6 |    20 |    24 |     3 ||    53
  Throw: Boomerang         |       |     1 |     2 |     4 ||     7
 Invoke: Heroism           |       |       |     3 |     1 ||     4
    Use: Scroll            |       |     1 |     4 |       ||     5
         Potion            |       |       |     3 |     1 ||     4
 Armour: Scale mail        |    25 |    78 |   105 |     2 ||   210
  Dodge: Dodged            |    14 |    78 |    83 |     1 ||   176
  Block: Buckler           |     5 |     8 |       |       ||    13
         Kite shield       |       |    75 |   130 |     6 ||   211
